 Dungeon Crawl Stone Soup version 0.19.1-1-g22dce08 (webtiles) character file.

97300 Zookeeper the Warrior (level 15, -3/135 HPs)
             Began as a Demonspawn Berserker on Dec 25, 2016.
             Was the Champion of Trog.
             Slain by an ettin simulacrum (6 damage)
             ... in an ice cave on Dec 28, 2016.
             The game lasted 03:10:59 (29768 turns).

Zookeeper the Warrior (Demonspawn Berserker)       Turns: 29768, Time: 03:11:01

Health: -3/135     AC: 38    Str: 22    XL:     15   Next: 71%
Magic:  0/15       EV:  8    Int: 10    God:    Trog [******]
Gold:   2217       SH:  0    Dex: 18    Spells: 0 memorised, 14 levels left

rFire  . . .     SeeInvis .     L - +0 mace (protect)
rCold  + . .     Gourm    .     q - +3 plate armour
rNeg   . . .     Faith    .     (no shield)
rPois  +         Spirit   +     (helmet unavailable)
rElec  .         Reflect  .     f - +0 cloak {MR+}
rCorr  .         Harm     .     g - +2 pair of gloves
MR     ++++.                    O - +0 pair of boots
Stlth  ..........               (no amulet)
                                F - ring of ice
                                B - ring of Psychosis {rPois rF+ AC+3 Dex+5}

@: protection aura, regenerating
A: horns 3, rugged brown scales 2, spiny 2, magic shield, magic regeneration,
magic link
a: Berserk, Trog's Hand, Brothers in Arms, Burn Spellbooks, Renounce Religion


You were in an ice cave.
You worshipped Trog.
Trog was exalted by your worship.
You were not hungry.

You visited 6 branches of the dungeon, and saw 24 of its levels.
You also visited: Ice Cave.

You collected 2217 gold pieces.

Inventory:

Hand Weapons
 b - a +1 antimagic dire flail
 e - a +0 war axe
 L - a +0 mace of protection (weapon)
Armour
 f - a +0 cloak of magic resistance (worn)
 g - a +2 pair of gloves (worn)
 q - a +3 plate armour (worn)
 O - a +0 pair of boots (worn)
Jewellery
 m - an uncursed ring of positive energy {unknown}
 n - an uncursed ring of ice
 u - an uncursed ring of stealth
 v - an uncursed ring of fire
 x - a +2 ring of intelligence
 B - the ring of Psychosis (left hand) {rPois rF+ AC+3 Dex+5}
   (You found it on level 10 of the Dungeon)

   [ring of protection]

   It affects your AC (+3).
   It affects your dexterity (+5).
   It protects you from fire.
   It protects you from poison.
 C - an uncursed ring of wizardry
 F - a ring of ice (right hand)
Wands
 h - a wand of acid (9/15)
 z - a wand of digging (22/24)
 Q - a wand of teleportation (2/9)
 X - a wand of disintegration (11/24)
Scrolls
 a - a scroll of remove curse
 j - 5 scrolls of teleportation
 p - 3 scrolls of magic mapping
 t - 3 scrolls of immolation {unknown}
 I - 2 scrolls of fear
 J - 4 scrolls of fog {unknown}
 K - a scroll of enchant weapon {unknown}
 T - 2 scrolls of blinking {unknown}
Potions
 d - 5 potions of lignification
 i - a potion of flight
 k - 3 potions of degeneration {unknown}
 l - 3 potions of mutation {unknown}
 o - 3 potions of ambrosia {unknown}
 A - 4 potions of might {unknown}
 G - a potion of agility {unknown}
 H - 4 potions of heal wounds
 P - 3 potions of curing {unknown}
 V - a potion of invisibility {unknown}
 Y - a potion of brilliance {unknown}
Miscellaneous
 w - a phial of floods
Comestibles
 c - 6 bread rations


   Skills:
 + Level 15.5 Fighting
 + Level 15.1 Maces & Flails
 + Level 14.5 Armour
 - Level 1.7 Dodging
   Level 5.1 Shields


You had 14 spell levels left.
You didn't know any spells.

Dungeon Overview and Level Annotations

Branches:
Dungeon (10/15)            Temple (1/1) D:4            Lair (6/6) D:10
  Swamp (4/4) Lair:2       Spider (1/4) Lair:4        Slime (0/5) Lair:5
    Orc (2/2) D:9             Elf (0/3) Orc:2

Altars:
Ashenzari
Cheibriados
Dithmenos
Elyvilon
Fedhas
Gozag
Hepliaklqana
Kikubaaqudgha
Makhleb
Nemelex Xobeh
Okawaru
Qazlal
Ru
Sif Muna
Trog
Uskayaw
Vehumet
Xom
Yredelemnul
Zin
The Shining One
Beogh
Jiyva

Shops:
D:8 }   D:9 (([   Orc:1 [

Annotations:
Swamp:4 Lernaean hydra


Innate Abilities, Weirdness & Mutations

You have a pair of large horns on your head.
You are mostly covered in rugged brown scales. (AC +2, +5% HP)
You are mostly covered in sharp spines.
When hurt, damage is shared between your health and your magic reserves.
You regenerate magic rapidly.
When low on magic, you restore magic in place of health.


Message History

You are too injured to fight recklessly!
You are too injured to fight recklessly!
You hit the ettin simulacrum.
The ettin simulacrum is heavily damaged.
You hit the ettin simulacrum but do no damage.
The ettin simulacrum is heavily damaged.
The ettin simulacrum hits you!
* * * LOW HITPOINT WARNING * * *
The ettin simulacrum freezes you! You resist.
* * * LOW HITPOINT WARNING * * *
The ettin simulacrum completely misses you.
You sock the ettin simulacrum!
The ettin simulacrum is severely damaged.
You hit the ettin simulacrum but do no damage.
The ettin simulacrum is severely damaged.
The ettin simulacrum is struck by your spines.
The ettin simulacrum hits you!
* * * LOW HITPOINT WARNING * * *
The ettin simulacrum freezes you. You resist.
You die...

#....# #..##...##
##..## #∩..####..###..#
##..## ##..∩##..####..#
###..##
#####.....#..#####..###
##.#...#####...##
########.###..#
#....#....##
###.#####..##
#..#Z@....## .##
###..##.#### ..
##...##### ..# #..###
##..# ##..### ###...#
##...## ##..Z5#
##.#.### #....#
##....####.5###
#..Z###.###Z§.###


You could see an ettin simulacrum.

Vanquished Creatures
  A thorn hunter (Swamp:4)
  Donald (Swamp:2)
  The ghost of Scuka the Markscentaur, a journeyman CeHu of Okawaru (Lair:6)
  A very ugly thing (Swamp:3)
  The ghost of Scuka the Markscentaur, a journeyman CeHu of Okawaru (Lair:4)
  Snorg (D:10)
  3 catoblepae (Lair:6)
  21 hydras
  A ghost crab (Swamp:3)
  3 alligators
  10 death yaks (Lair:6)
  The ghost of TheOvate the Cudgeler, a novice CeFi of Qazlal (Orc:1)
  11 spriggans
  2 spriggan druids (Swamp:3)
  10 swamp dragons
  2 shambling mangroves (Swamp:2)
  A wolf spider (Spider:1)
  Pikel (D:8)
  An orc sorcerer (Orc:1)
  5 elephants (Lair:6)
  2 black mambas (Lair:5)
  19 spiny frogs
  5 ice devils (IceCv)
  2 freezing wraiths (IceCv)
  11 komodo dragons
  A polar bear (Lair:3)
  2 jumping spiders (Spider:1)
  A troll (Orc:1)
  6 tyrant leeches
  21 hornets
  Grinder (D:5)
  13 bog bodies
  8 slime creatures
  6 hippogriffs
  17 blink frogs
  Prince Ribbit (D:4)
  A redback (Spider:1)
  3 shadows
  A wraith (D:10)
  A dire elephant simulacrum (IceCv)
  2 wyverns
  46 yaks
  Eustachio (D:5)
  A steam dragon (Lair:4)
  A death yak simulacrum (IceCv)
  A hungry ghost (D:8)
  3 harpy simulacra (IceCv)
  17 insubstantial wisps
  14 vampire mosquitoes
  2 wargs (Orc:1)
  16 swamp worms
  11 water moccasins
  A porcupine (Lair:3)
  Duvessa (D:5)
  2 black bears (D:7)
  22 orc warriors
  14 swamp drakes
  3 sky beasts
  10 centaurs
  7 ogres
  10 wolves
  13 crocodiles
  15 bullfrogs
  A water moccasin zombie (D:9)
  Dowan (D:5)
  2 scorpions
  4 killer bees (D:8)
  4 howler monkeys
  4 crimson imps
  A draconian simulacrum (IceCv)
  A quasit (D:9)
  A centaur skeleton (D:9)
  10 hounds
  6 orc priests
  Crazy Yiuf (D:4)
  A bullfrog skeleton (D:4)
  2 jellies
  3 iguanas
  14 orc wizards
  5 worker ants
  Ijyb (D:3)
  A spriggan simulacrum (IceCv)
  3 centaur simulacra (IceCv)
  2 hound skeletons
  2 worker ant zombies
  5 gnolls
  11 adders
  2 ogre simulacra (IceCv)
  4 white imps (IceCv)
  2 ufetubi (IceCv)
  An ooze (D:1)
  An adder skeleton (D:8)
  3 worms
  3 dart slugs
  5 leopard geckos
  50 orcs
  7 bats
  10 giant cockroaches
  9 goblins
  6 hobgoblins
  9 jackals
  A quokka (D:8)
  9 ball pythons
  4 frilled lizards
  13 kobolds
  6 rats
  A spectral orc (D:2)
645 creatures vanquished.

Vanquished Creatures (others)
  A swamp dragon (Swamp:1)
  A spiny frog (Swamp:4)
  A hornet (Swamp:3)
  3 slime creatures (Swamp:3)
  A slave (D:8)
  An ufetubus (IceCv)
  2 bushes (Swamp:4)
  10 fungi
  21 plants
41 creatures vanquished.

Grand Total: 686 creatures vanquished

Notes
Turn   | Place    | Note
-------+----------+-------------------------------------------
     0 | D:1      | Zookeeper the Demonspawn Berserker began the quest for the Orb.
     0 | D:1      | Reached XP level 1. HP: 18/18 MP: 1/1
   246 | D:1      | Gained mutation: You are partially covered in sharp spines. [demonic ancestry]
   246 | D:1      | Reached XP level 2. HP: 8/24 MP: 2/2
   988 | D:2      | Reached XP level 3. HP: 26/29 MP: 3/3
  1056 | D:2      | Reached ** piety under Trog
  1278 | D:2      | Found a basalt altar of Yredelemnul.
  1320 | D:2      | Found a faded altar of an unknown god.
  1557 | D:2      | Reached XP level 4. HP: 35/35 MP: 4/4
  2194 | D:3      | Noticed Ijyb
  2198 | D:3      | Gained mutation: You have a pair of small horns on your head. [demonic ancestry]
  2198 | D:3      | Reached XP level 5. HP: 42/42 MP: 5/5
  2209 | D:3      | Killed Ijyb
  2381 | D:3      | Reached *** piety under Trog
  2512 | D:4      | Found a shimmering altar of Xom.
  2757 | D:4      | Reached skill level 5 in Maces & Flails
  2906 | D:4      | Found a glowing golden altar of the Shining One.
  2910 | D:4      | Found a sparkling altar of Nemelex Xobeh.
  2928 | D:4      | Gained mutation: You have a pair of horns on your head. [demonic ancestry]
  2928 | D:4      | Reached XP level 6. HP: 48/48 MP: 6/6
  2947 | D:4      | Found a staircase to the Ecumenical Temple.
  2956 | Temple   | Entered the Ecumenical Temple
  3467 | D:4      | Found a runed door.
  3691 | D:4      | Noticed Crazy Yiuf
  3695 | D:4      | Killed Crazy Yiuf
  3811 | D:4      | Gained mutation: When hurt, damage is shared between your health and your magic reserves. [demonic ancestry]
  3811 | D:4      | Reached XP level 7. HP: 55/55 MP: 7/7
  3884 | D:5      | Entered Level 5 of the Dungeon
  3898 | D:5      | Noticed Prince Ribbit
  3906 | D:4      | Killed Prince Ribbit
  4148 | D:5      | Noticed Duvessa
  4160 | D:5      | Noticed Dowan
  4167 | D:5      | Killed Duvessa
  4167 | D:5      | Reached skill level 5 in Fighting
  4170 | D:5      | Killed Dowan
  4192 | D:5      | Gained mutation: You regenerate magic rapidly. [demonic ancestry]
  4192 | D:5      | Reached XP level 8. HP: 51/62 MP: 6/8
  4228 | D:5      | Reached skill level 5 in Armour
  4282 | D:5      | Noticed Eustachio
  4289 | D:5      | Killed Eustachio
  4289 | D:5      | Reached **** piety under Trog
  4423 | D:5      | Noticed Grinder
  4433 | D:5      | Killed Grinder
  5324 | D:6      | Gained mutation: When low on magic, you restore magic in place of health. [demonic ancestry]
  5324 | D:6      | Reached XP level 9. HP: 71/71 MP: 9/9
  6024 | D:7      | Found a hazy altar of Hepliaklqana.
  6103 | D:7      | Got an ichor-stained ring mail
  6312 | D:7      | Found an iron altar of Okawaru.
  6599 | D:7      | Found a bloodstained altar of Trog.
  6730 | D:7      | Identified the cursed +0 ring mail "Nuhoscheq" {Dex+2 Slay+2} (You found it on level 7 of the Dungeon)
  6762 | D:8      | Got a bloodstained ring mail
  6779 | D:8      | Got a sheer robe
  6849 | D:8      | Noticed Pikel
  6859 | D:8      | Killed Pikel
  6865 | D:8      | Found a white marble altar of Elyvilon.
  6879 | D:8      | Found a shadowy altar of Dithmenos.
  6880 | D:8      | Found an iron altar of Okawaru.
  6904 | D:8      | Found Minwitoirph's Gadget Shoppe.
  7116 | D:8      | Gained mutation: You are partially covered in rugged brown scales. (AC +1, +3% HP) [demonic ancestry]
  7116 | D:8      | Reached XP level 10. HP: 74/82 MP: 10/10
  7359 | D:9      | Reached ***** piety under Trog
  7440 | D:9      | Found Ciurifiu's Weapon Shop.
  7494 | D:9      | Found Paenus's Weapon Boutique.
  7496 | D:9      | Found a staircase to the Orcish Mines.
  7498 | D:9      | Found Zeeqaxt's Armour Boutique.
  7537 | D:9      | Found a glowing silver altar of Zin.
  7806 | D:9      | Found a snail-covered altar of Cheibriados.
  7955 | D:10     | Entered Level 10 of the Dungeon
  7957 | D:10     | Found a staircase to the Lair.
  8172 | D:10     | Noticed Snorg
  8320 | D:10     | Killed Snorg
  8473 | D:10     | Reached skill level 10 in Maces & Flails
  8473 | D:10     | Gained mutation: You have a pair of large horns on your head. [demonic ancestry]
  8473 | D:10     | Reached XP level 11. HP: 76/92 MP: 8/11
  8477 | D:10     | Found a hide-covered altar of Uskayaw.
  8502 | D:10     | Got a translucent platinum ring
  8555 | D:10     | Found an iron altar of Okawaru.
  8555 | D:10     | Noticed a hill giant
  8603 | Orc:1    | Entered Level 1 of the Orcish Mines
  8677 | D:9      | Received a gift from Trog
  9266 | Orc:1    | Reached skill level 10 in Fighting
  9324 | Orc:1    | Found Jirph's Antique Armour Boutique.
  9400 | Orc:1    | Found a radiant altar of Vehumet.
  9511 | Orc:1    | Received a gift from Trog
  9600 | Orc:1    | Found a roughly hewn altar of Beogh.
  9609 | Orc:1    | Noticed TheOvate's ghost (novice CeFi)
  9627 | Orc:1    | Killed TheOvate's ghost
  9992 | Orc:2    | Entered Level 2 of the Orcish Mines
  9992 | Orc:2    | Noticed an orc sorcerer
 10013 | Orc:2    | Found a staircase to the Elven Halls.
 10376 | Orc:1    | HP: 3/94 [orc sorcerer/bolt of fire (39)]
 10380 | Orc:1    | Killed an orc sorcerer
 11329 | Orc:2    | Noticed an orc knight
 11914 | Orc:1    | Reached skill level 10 in Armour
 12689 | Lair:1   | Entered Level 1 of the Lair of Beasts
 13391 | Lair:1   | Noticed an eight-headed hydra
 13935 | Lair:2   | Found a staircase to the Swamp.
 14058 | Lair:2   | Noticed a four-headed hydra
 14067 | Lair:2   | Killed a four-headed hydra
 14067 | Lair:2   | Gained mutation: You are mostly covered in rugged brown scales. (AC +2, +5% HP) [demonic ancestry]
 14067 | Lair:2   | Reached XP level 12. HP: 73/105 MP: 6/12
 14593 | Lair:2   | Identified the ring of Psychosis {rPois rF+ AC+3 Dex+5} (You found it on level 10 of the Dungeon)
 14629 | Lair:2   | Identified the +1 ring mail of Laupsuj {rN+} (You found it on level 8 of the Dungeon)
 14639 | Lair:2   | Identified the +2 robe "Boitangi" {rN++} (You found it on level 8 of the Dungeon)
 15044 | Lair:1   | Reached ****** piety under Trog
 15127 | Lair:3   | Noticed a four-headed hydra
 15136 | Lair:3   | Killed a four-headed hydra
 15570 | Lair:3   | Received a gift from Trog
 15737 | Lair:3   | Found a radiant altar of Vehumet.
 16105 | Lair:4   | Noticed Scuka's ghost (journeyman CeHu)
 16140 | Lair:4   | Killed Scuka's ghost
 16317 | Lair:4   | Found a hole to the Spider Nest.
 17002 | Lair:5   | Found a viscous altar of Jiyva.
 17003 | Lair:5   | Found a staircase to the Slime Pits.
 17531 | Lair:6   | Entered Level 6 of the Lair of Beasts
 17598 | Lair:6   | Noticed a catoblepas
 17629 | Lair:6   | Killed a catoblepas
 17942 | Lair:6   | Gained mutation: You are mostly covered in sharp spines. [demonic ancestry]
 17942 | Lair:6   | Reached XP level 13. HP: 100/114 MP: 11/13
 18000 | Lair:6   | Noticed Scuka's ghost (journeyman CeHu)
 18032 | Lair:6   | Killed Scuka's ghost
 19452 | Lair:6   | Received a gift from Trog
 21787 | Swamp:1  | Entered Level 1 of the Swamp
 22070 | Swamp:1  | Reached XP level 14. HP: 103/124 MP: 14/14
 23256 | Swamp:2  | Noticed Donald
 23479 | Swamp:2  | Killed Donald
 24020 | Swamp:2  | Received a gift from Trog
 24332 | Swamp:2  | Paralysed by a hornet for 2 turns
 26566 | Swamp:4  | Entered Level 4 of the Swamp
 26583 | Swamp:3  | Received a gift from Trog
 26643 | Swamp:4  | Reached XP level 15. HP: 94/133 MP: 10/15
 26811 | Swamp:3  | Reached skill level 15 in Fighting
 27122 | Swamp:4  | Reached skill level 1 in Shields
 27488 | Swamp:4  | Noticed a thorn hunter
 27513 | Swamp:4  | Killed a thorn hunter
 28613 | Swamp:4  | Reached skill level 5 in Shields
 28646 | Swamp:4  | Got a translucent ring mail
 28686 | Swamp:4  | Noticed the 27-headed Lernaean hydra
 28710 | Swamp:3  | Upgraded the game from 0.19.1 to 0.19.1-1-g22dce08
 28884 | Spider:1 | Entered Level 1 of the Spider Nest
 28884 | Spider:1 | Found a frozen archway.
 28899 | Spider:1 | Reached skill level 15 in Maces & Flails
 28937 | IceCv    | Entered an ice cave
 29768 | IceCv    | HP: 3/135 [ettin simulacrum (7)]
 29768 | IceCv    | Slain by an ettin simulacrum

Skill      XL: |  1  2  3  4  5  6  7  8  9 10 11 12 13 14 15 |
---------------+----------------------------------------------+-----
Maces & Flails | 3 4 5 6 7 8 10 11 12 13 14 15 | 15.1
Armour         | 2 3 4 6 7 9 10 11 12 14 | 14.5
Fighting       | 4 5 6 8 9 11 12 13 14 15 | 15.5
Shields        | 5 |  5.1
Dodging        | |  1.7

Action                   |  1- 3 |  4- 6 |  7- 9 | 10-12 | 13-15 || total
-------------------------+-------+-------+-------+-------+-------++-------
Melee: Mace              |   104 |   147 |   216 |   834 |  1430 ||  2731
       Headbutt          |       |    16 |    47 |   218 |   491 ||   772
Invok: Berserk           |     1 |     2 |     5 |     8 |     9 ||    25
       Trog's Hand       |       |       |       |       |     2 ||     2
Evoke: Wand              |       |       |     1 |       |     1 ||     2
  Use: Scroll            |       |     4 |     1 |    12 |     7 ||    24
       Potion            |       |       |       |     2 |     1 ||     3
 Stab: Distracted        |       |       |     1 |       |       ||     1
  Eat: Chunk             |     3 |     8 |    14 |    20 |    14 ||    59
       Fruit             |       |     1 |     2 |     2 |     4 ||     9
       Bread ration      |       |       |       |     2 |     2 ||     4
       Meat ration       |       |       |       |     2 |     4 ||     6
       Beef jerky        |       |       |       |     1 |     2 ||     3
       Pizza             |       |       |       |       |     2 ||     2
Armor: Animal skin       |     9 |       |       |       |       ||     9
       Ice dragon scales |    34 |    61 |   110 |   313 |       ||   518
       Plate armour      |       |       |       |   181 |  1091 ||  1272
       Ring mail         |       |       |       |     1 |       ||     1
Dodge: Dodged            |    58 |    57 |    81 |   337 |   408 ||   941
